Map: Habitation Station LE (Void)

Players

MajOr (SpeCial) - Winner!

  • Race: Terran Terran
  • Spawn Location: 11:00

Zerghamdi

  • Race: Zerg Zerg
  • League: Master
  • Spawn Location: 1:00

Event: WESG 2016 Finals

VOD

Have the link to the VOD?

Description

Time

  • Played on: Jan. 12, 2017, 10:25 p.m.
  • Length: 5:04

All games in this series

Show
View Real Time Build Order
Export as new Build Order

MajOr Terran - Winner!

Build Orders: Reaper Expand, Banshee Rush 

Get SALT Encoding   

  12  0:00  SCV  
  13  0:13  SCV  
  14  0:17  Supply Depot  
  14  0:25  SCV  
  15  0:30  Refinery  
  15  0:39  SCV  
  16  0:44  Barracks  
  16  0:51  SCV  
  17  1:03  SCV  
  18  1:15  SCV  
  19  1:31  Orbital Command, Reaper  
  20  1:42  Command Center  
  20  1:53  Factory  
  20  1:57  SCV  
  21  2:06  Refinery  
  21  2:08  Barracks Reactor  
  21  2:09  SCV  
  21  2:14  Supply Depot  
  22  2:22  SCV  
  23  2:23  Bunker  
  23  2:36  SCV  
  24  2:40  Starport  
  24  2:45  Marine x2  
  24  2:47  Factory Tech Lab  
  24  2:49  SCV  
  27  2:56  Orbital Command  
  27  3:03  Marine x2  
  29  3:06  SCV  
  30  3:22  Banshee  
  30  3:23  Bunker  
  30  3:24  Marine  
  30  3:25  Marine  
  35  3:34  Cloaking Field  
  35  3:36  Widow Mine  
  37  3:41  Marine  
  37  3:43  Marine  
  39  3:51  SCV x2, Supply Depot  
  41  3:59  Marine  
  41  4:00  Marine  
  42  4:08  Factory Tech Lab, Banshee  
  42  4:09  SCV  
  46  4:13  SCV  
  47  4:17  Marine  
  47  4:23  Marine  
  46  4:25  SCV x2  
  46  4:27  Supply Depot  
  48  4:35  Marine  
  50  4:41  Marine  
  51  4:45  SCV  
  51  4:46  SCV  
Show
View Real Time Build Order
Export as new Build Order

Zerghamdi Zerg 

Build Orders: Pool First, Ravager All-In 

Get SALT Encoding   

  12  0:00  Drone  
  13  0:13  Overlord  
  13  0:19  Drone  
  14  0:31  Drone x2  
  14  0:35  Drone  
  17  0:37  Extractor  
  16  0:49  Spawning Pool  
  15  0:52  Drone  
  16  1:02  Drone  
  17  1:23  Drone, Hatchery  
  17  1:30  Drone  
  18  1:46  Zergling x2  
  19  1:47  Roach Warren  
  19  1:53  Drone  
  19  1:54  Overlord  
  19  2:04  Queen  
  21  2:11  Zergling x2  
  22  2:32  Overlord  
  22  2:35  Roach, Queen  
  26  2:46  Roach  
  28  2:55  Ravager  
  28  2:56  Roach  
  31  3:08  Roach  
  31  3:09  Ravager  
  31  3:11  Queen  
  36  3:18  Ravager, Roach  
  36  3:19  Extractor  
  37  3:33  Drone  
  37  3:34  Drone  
  38  3:49  Ravager  
  40  4:02  Ravager  
  40  4:08  Overlord x2  
  37  4:25  Overlord  
  37  4:37  Roach x3  
  40  4:44  Roach x3  
  40  4:50  Hatchery  
  39  4:57  Ravager x2  
  39  4:59  Ravager  
Tags
 
Add a new tag
Caveats
  • Supply blocks, unpowered buildings, or Contaminate may cause inaccurate times.
  • Supply counts are checked every 10 seconds.